 Dungeon Crawl Stone Soup version 0.19.0-24-gb05acd6 (console) character file.

4783 CALLOUS the Blocker (level 10, 0/79 HPs)
             Began as a Formicid Fighter on Nov 21, 2016.
             Was an Elder of Nemelex Xobeh.
             Killed from afar by a starcursed mass (3 damage)
             ... with an accursed screaming
             ... on level 1 of the Abyss on Nov 22, 2016.
             The game lasted 06:09:50 (10836 turns).

CALLOUS the Blocker (Formicid Fighter)             Turns: 10836, Time: 06:09:51

Health: 0/79       AC: 17    Str: 21 (23) XL:     10   Next: 75%
Magic:  0/14       EV:  6    Int:  9      God:    Nemelex Xobeh [****..]
Gold:   517        SH: 11    Dex:  7 (8)  Spells: 1 memorised, 5 levels left

rFire  . . .     SeeInvis +     I - +2 mace (protect)
rCold  . . .     Gourm    .     Z - +2 plate armour {MR+}
rNeg   . . .     Faith    .     c - +0 shield
rPois  .         Spirit   +     (helmet unavailable)
rElec  .         Reflect  .     T - +0 cloak
rCorr  .         Harm     .     q - +0 pair of gloves
MR     ++...     Clarity  +     (no boots)
Stlth  ..........               V - amulet of guardian spirit
                                (no ring)
                                (no ring)

@: drained
A: permanent stasis, dig shafts and tunnels, four strong arms, antennae 3,
clarity, clumsy 1, deterioration 1
a: Dig, Shaft Self, Triple Draw, Deal Four, Renounce Religion


You were on level 1 of the Abyss.
You worshipped Nemelex Xobeh.
Nemelex Xobeh was greatly pleased with you.
You were hungry.

You visited 2 branches of the dungeon, and saw 9 of its levels.
You visited the Abyss 1 time.
You also visited: Bailey.

You collected 517 gold pieces.

Inventory:

Hand Weapons
 b - a +2 mace of crushing
 h - a +2 whip of flaming
 H - a +0 trident
 I - a +2 mace of protection (weapon)
 K - a +0 dagger of venom
 P - a +1 hand axe of chopping
 W - a +2 shortbow of flaming
Missiles
 g - 185 stones
 r - 7 sling bullets
 s - 86 arrows
 t - 10 poisoned needles
 y - 4 tomahawks of returning (quivered)
Armour
 a - the cursed +1 scale mail of the King {-Cast rC+ Int+3 Dex+5, unknown}
   (You found it on level 1 of the Abyss)

   It affects your intelligence (+3).
   It affects your dexterity (+5).
   It protects you from cold.
   It prevents spellcasting.
   It has a curse placed upon it.
 c - a +0 shield (worn)
 q - a +0 pair of gloves (worn)
 T - a +0 cloak (worn)
 Z - a +2 plate armour of magic resistance (worn)
Magical Staves
 e - an uncursed staff of fire
Jewellery
 V - an amulet of guardian spirit (around neck)
Wands
 p - a wand of iceblast (6/15)
 A - a wand of iceblast (8/15)
 Y - a wand of paralysis (1/24)
Scrolls
 i - a scroll of remove curse
 j - 2 scrolls of magic mapping
 l - 2 scrolls of enchant weapon
 m - 3 scrolls of fear
 J - 2 scrolls of enchant armour {unknown}
 L - 2 scrolls of recharging {unknown}
 Q - 2 scrolls of amnesia {unknown}
 S - 3 scrolls of immolation {unknown}
Potions
 d - 3 potions of might
 o - 3 potions of cancellation {unknown}
 u - 2 potions of resistance {unknown}
 v - a potion of lignification {unknown}
 w - 3 potions of degeneration {unknown}
 x - a potion of brilliance {unknown}
 z - 2 potions of heal wounds
 B - 2 potions of agility {unknown}
 D - a potion of cure mutation {unknown}
 E - a potion of berserk rage {unknown}
 M - 4 potions of curing
 R - 5 potions of haste {unknown}
 U - a potion of magic {unknown}
 X - a potion of experience {unknown}
Miscellaneous
 k - a plain deck of summoning {drawn: 4}
 G - a plain deck of destruction
Comestibles
 f - 8 bread rations
 C - a slice of pizza
 F - 2 beef jerkies
 N - 3 meat rations
 O - 2 fruits


   Skills:
 + Level 7.0(6.8) Fighting
 - Level 2.0(1.8) Polearms
   Level 8.0(7.9) Slings
 + Level 7.1(6.9) Armour
 + Level 1.6(1.5) Stealth
 * Level 9.7(9.6) Shields
 * Level 4.7(4.5) Hexes
 * Level 6.5(6.4) Invocations


You had 5 spell levels left.
You knew the following spells:

 Your Spells              Type           Power        Failure   Level  Hunger
a - Fulminant Prism       Conj/Hex       #.........   100%        4    #####..


Dungeon Overview and Level Annotations

Branches:
Dungeon (8/15)             Temple (1/1) D:4
   Lair: D:8-11

Altars:
Ashenzari
Cheibriados
Dithmenos
Elyvilon
Fedhas
Gozag
Hepliaklqana
Kikubaaqudgha
Nemelex Xobeh
Okawaru
Qazlal
Ru
Sif Muna
Trog
Uskayaw
Vehumet
Xom
Yredelemnul
The Shining One

Annotations:
D:1 1 exclusion
D:3 Aksej's ghost, amateur DsFi
D:5 Sigmund
D:6 1 exclusion
D:7 exclusion: scorpion
D:8 exclusion: sky beast


Innate Abilities, Weirdness & Mutations

You are under a permanent stasis effect.
You can dig through walls and to a lower floor.
Your four strong arms can wield two-handed weapons with a shield.
You have a pair of large antennae on your head. (SInv)
You possess an exceptional clarity of mind.
You are clumsy. (Dex -2)
Your body sometimes deteriorates upon taking damage.


Message History

A chorus of shrieks assaults your mind.
* * * LOW HITPOINT WARNING * * *
You can now deal four cards at a time.
A starcursed mass splits.
A chorus of shrieks assaults your mind.
* * * LOW HITPOINT WARNING * * *
Nemelex Xobeh grants you a gift! Something appears at your feet!
Found 33 gold pieces.
You see here a plain deck of summoning.
You drop a wand of polymorph.
The bone dragon bites you!
* * * LOW HITPOINT WARNING * * *
You block the bone dragon's attack. The bone dragon tramples you.
* * * LOW HITPOINT WARNING * * *
You stumble backwards!
The starcursed mass shrieks in your mind.
* * * LOW HITPOINT WARNING * * *
The starcursed mass shrieks in your mind.
You die...
Your body disappears without a glow.

#..#...#.###.# ###
## .#.# .### # ##
####..# #
...#..####X#. #.#.
#....#....#
.....###..#.##...#
... ###W##. ..#
...#..## #. ##
#.##D.## .#
#.#...# # #.@####
#..# { ##.# ...
..# #.#. .# . . .


You could see a bone dragon, a starcursed mass and a freezing wraith.

Vanquished Creatures
  An orc knight (Bailey)
  10 orc warriors
  An ogre (D:6)
  2 centaurs
  Blork the orc (D:4)
  4 bullfrogs
  A wyvern skeleton (D:6)
  4 wights (D:8)
  5 orc priests
  5 hounds
  Natasha (twice) (D:3)
  An iguana (D:8)
  8 orc wizards
  6 worker ants
  A worker ant zombie (D:6)
  6 adders
  4 gnolls (Bailey)
  3 shadow imps
  3 worms
  4 dart slugs
  4 leopard geckos
  43 orcs
  7 giant cockroaches
  22 goblins
  5 hobgoblins
  2 jackals (D:1)
  6 kobolds
  4 quokkas
  4 ball pythons
  6 bats
  14 frilled lizards
  7 rats
196 creatures vanquished.

Vanquished Creatures (collateral kills)
  An orc warlord (Bailey)
  An orc knight (Bailey)
  Prince Ribbit (D:5)
  Grinder (D:5)
  5 orc warriors (Bailey)
  A centaur (D:7)
  4 killer bees (D:7)
  An orc priest (D:4)
  An iguana (D:7)
  4 gnolls (Bailey)
  3 orcs (Bailey)
  12 goblins (Bailey)
  6 hobgoblins (Bailey)
41 creatures vanquished.

Grand Total: 237 creatures vanquished

Notes
Turn   | Place    | Note
-------+----------+-------------------------------------------
     0 | D:1      | CALLOUS the Formicid Fighter began the quest for the Orb.
     0 | D:1      | Reached XP level 1. HP: 18/18 MP: 1/1
     6 | D:1      | Noticed a lindwurm
     6 | D:1      | Noticed a water moccasin
     6 | D:1      | Noticed a polar bear
     6 | D:1      | Noticed a swamp drake
   181 | D:1      | Reached XP level 2. HP: 21/24 MP: 2/2
   221 | D:1      | Reached skill level 4 in Shields
   613 | D:1      | Gained mutation: Your body sometimes deteriorates upon taking damage. [potion of mutation]
   613 | D:1      | Gained mutation: You are clumsy. (Dex -2) [potion of mutation]
   613 | D:1      | Gained mutation: You possess an exceptional clarity of mind. [potion of mutation]
   637 | D:1      | Reached XP level 3. HP: 29/29 MP: 3/3
  1353 | D:3      | Found a sparkling altar of Nemelex Xobeh.
  1369 | D:3      | Became a worshipper of Nemelex Xobeh the Trickster
  1453 | D:3      | Received a gift from Nemelex Xobeh
  1458 | D:3      | Reached XP level 4. HP: 37/37 MP: 4/4
  1462 | D:3      | Reached skill level 1 in Slings
  1584 | D:3      | Found a radiant altar of Vehumet.
  1698 | D:2      | Reached XP level 5. HP: 23/42 MP: 5/5
  2012 | D:2      | Found a stormy altar of Qazlal.
  2015 | D:2      | Noticed a water elemental
  2015 | D:2      | Noticed an air elemental
  2015 | D:2      | Noticed a fire elemental
  2735 | D:3      | Found a white marble altar of Elyvilon.
  2736 | D:3      | Noticed Natasha
  2743 | D:3      | Killed Natasha
  2743 | D:3      | Reached skill level 1 in Invocations
  2825 | D:3      | Noticed Natasha
  2840 | D:3      | Killed Natasha
  2840 | D:3      | Reached skill level 5 in Shields
  2911 | D:3      | Noticed Aksej's ghost (amateur DsFi)
  2973 | D:4      | Found a hide-covered altar of Uskayaw.
  2973 | D:4      | Found a staircase to the Ecumenical Temple.
  3004 | D:4      | Reached XP level 6. HP: 43/48 MP: 7/7
  3115 | Temple   | Entered the Ecumenical Temple
  3277 | Temple   | Reached * piety under Nemelex Xobeh
  3970 | D:4      | Reached XP level 7. HP: 55/55 MP: 8/8
  4940 | D:5      | Entered Level 5 of the Dungeon
  4992 | D:5      | Noticed Grinder
  4993 | D:5      | Noticed a water moccasin
  4999 | D:5      | Noticed Blork the orc
  4999 | D:5      | Noticed Prince Ribbit
  5022 | D:5      | Killed Grinder
  5022 | D:5      | Reached skill level 5 in Slings
  5022 | D:5      | Reached XP level 8. HP: 55/61 MP: 10/10
  5024 | D:5      | Killed Prince Ribbit
  5024 | D:5      | Reached skill level 6 in Shields
  5033 | D:4      | Killed Blork the orc
  5033 | D:4      | Reached skill level 5 in Fighting
  5033 | D:4      | Reached skill level 5 in Armour
  5381 | D:5      | Noticed Sigmund
  5650 | D:6      | Received a gift from Nemelex Xobeh
  5665 | D:6      | Found a hazy altar of Hepliaklqana.
  5665 | D:6      | Reached ** piety under Nemelex Xobeh
  6165 | D:6      | Reached skill level 1 in Stealth
  6310 | D:6      | Learned a level 4 spell: Fulminant Prism
  6387 | D:6      | Reached skill level 7 in Shields
  6445 | D:6      | Reached XP level 9. HP: 68/68 MP: 12/12
  6622 | D:6      | Found an opulent altar of Gozag.
  6812 | D:6      | Reached skill level 1 in Hexes
  7256 | D:7      | Found a basalt altar of Yredelemnul.
  7256 | D:7      | Found an iron altar of Okawaru.
  7445 | D:7      | Reached skill level 5 in Invocations
  7853 | D:8      | Received a gift from Nemelex Xobeh
  8057 | D:8      | Found a flagged portal.
  8081 | Bailey   | Entered a bailey
  8116 | Bailey   | Noticed an orange demon
  8117 | Bailey   | Reached skill level 8 in Shields
  8136 | Bailey   | Reached *** piety under Nemelex Xobeh
  8848 | Bailey   | Reached XP level 10. HP: 76/76 MP: 14/14
  8964 | Bailey   | Noticed an orc warlord
  9005 | Bailey   | Killed an orc warlord
  9005 | Bailey   | Reached skill level 9 in Shields
  9210 | Bailey   | Noticed an orc knight
  9221 | Bailey   | Noticed an orc knight
  9226 | Bailey   | Killed an orc knight
  9268 | Bailey   | Killed an orc knight
 10219 | D:8      | Received a gift from Nemelex Xobeh
 10369 | D:8      | Found a faded altar of an unknown god.
 10369 | D:8      | Found a faded altar of an unknown god.
 10374 | D:8      | Found a faded altar of an unknown god.
 10376 | D:8      | Found a bloodstained altar of Trog.
 10378 | D:8      | Found a faded altar of an unknown god.
 10586 | D:8      | Cast into level 1 of the Abyss (wight)
 10605 | Abyss:1  | Got a twisted scale mail
 10694 | Abyss:1  | Noticed a tentacled starspawn
 10741 | Abyss:1  | Noticed a bone dragon
 10793 | Abyss:1  | Noticed a starcursed mass
 10795 | Abyss:1  | Noticed a freezing wraith
 10803 | Abyss:1  | Noticed a starcursed mass
 10806 | Abyss:1  | HP: 2/79 [starcursed mass/accursed screaming (3)]
 10820 | Abyss:1  | Reached **** piety under Nemelex Xobeh
 10821 | Abyss:1  | Received a gift from Nemelex Xobeh
 10835 | Abyss:1  | HP: 2/79 [starcursed mass/accursed screaming (6)]
 10836 | Abyss:1  | Killed from afar by a starcursed mass

Skill      XL: |  1  2  3  4  5  6  7  8  9 10 |
---------------+-------------------------------+-----
Shields        | 4 5 7 8 9 |  9.7
Fighting       | 4 5 6 7 |  7.0
Slings         | 1 2 4 5 6 8 |  8.0
Armour         | 4 5 6 7 |  7.1
Invocations    | 1 2 3 4 5 6 |  6.5
Stealth        | 1 |  1.6
Hexes          | 3 4 |  4.7
Polearms       | |  2.0

Action                   |  1- 3 |  4- 6 |  7- 9 | 10-12 || total
-------------------------+-------+-------+-------+-------++-------
Melee: Trident           |    89 |   181 |    34 |    25 ||   329
       Mace              |       |     9 |   194 |    29 ||   232
       Dagger            |       |       |    44 |    37 ||    81
       Hand axe          |       |       |     9 |       ||     9
 Fire: Hunting sling     |    14 |    82 |   125 |    72 ||   293
       Shortbow          |       |       |    21 |    21 ||    42
Throw: Stone             |     1 |     2 |    12 |     3 ||    18
       Tomahawk          |       |       |    13 |    11 ||    24
 Abil: Dig               |       |       |       |     1 ||     1
Evoke: Deck              |       |     1 |     5 |     6 ||    12
       Wand              |       |       |       |     1 ||     1
  Use: Potion            |     1 |       |       |     2 ||     3
       Scroll            |       |       |     8 |     3 ||    11
 Stab: Paralysed         |       |       |       |     5 ||     5
  Eat: Chunk             |     2 |     8 |    16 |    15 ||    41
Armor: Scale mail        |    16 |    44 |    92 |     5 ||   157
       Plate armour      |       |       |       |    12 ||    12
Dodge: Dodged            |     9 |    37 |    98 |    18 ||   162
Block: Shield            |    23 |    68 |   160 |    41 ||   292
